 Dungeon Crawl Stone Soup version 0.28.0-53-g5a82cb258f (webtiles) character file.

Game seed: 6716137126622927934

61596 thriggle the Grappler (level 14, 0/137 HPs)
             Began as a Troll Monk on June 7, 2022.
             Was the Champion of the Shining One.
             Slain by a harpy (6 damage)
             ... on level 1 of the Shoals.
             The game lasted 01:28:18 (19276 turns).

thriggle the Grappler (Troll Monk)                 Turns: 19276, Time: 01:28:19

Health: 0/137      AC:  8    Str: 24    XL:     14   Next: 61%
Magic:  16/21      EV: 17    Int: 12    God:    the Shining One [******]
Gold:   992        SH:  0    Dex: 14    Spells: 8/23 levels left

rFire   . . .      SeeInvis .     - Unarmed
rCold   + . .      Faith    .   (no shield)
rNeg    + + +      Spirit   .   T - +3 robe "Sila" {+Blink rPois rC+}
rPois   +          Reflect  .   (helmet restricted)
rElec   +          Harm     .   Q - +0 cloak {Will+}
rCorr   .          Rampage  .   (gloves unavailable)
Will    ++...                   (boots unavailable)
Stlth   +.........              X - amulet "Cunes" {rElec Regen+}
HPRegen 1.92/turn               e - +6 ring of intelligence
MPRegen 0.17/turn               S - +4 ring of evasion

@: glowing
A: large, unfitting armour, claws 3, regeneration 1, shaggy fur 1, tough skin 1
a: Renounce Religion, Evoke Blink, Divine Shield, Cleansing Flame, Summon Divine
Warrior, Brand Weapon With Holy Wrath


You were on level 1 of the Shoals.
You worshipped the Shining One.
The Shining One was exalted by your worship.
You visited 6 branches of the dungeon, and saw 21 of its levels.

You collected 2523 gold pieces.
You spent 1531 gold pieces at shops.

Inventory:

Hand Weapons
 I - the +10 war axe of Qurhom {vorpal, rElec}
   (You found it on level 3 of the Lair of Beasts)

   It inflicts extra damage upon your enemies.
   rElec:     It insulates you from electricity.
 N - the +7 hunting sling of Tension {freeze, rN+}
   (You found it on level 1 of the Lair of Beasts)

   Any ammunition fired from it freezes those it strikes, dealing additional
   cold damage.
   It can also slow down cold-blooded creatures.
   rN:        It protects you from negative energy.
Missiles
 b - 571 stones
 l - 23 poisoned darts (quivered)
 r - 10 javelins
 t - 8 boomerangs
 w - 7 throwing nets
 A - 10 datura-tipped darts
 M - 2 atropa-tipped darts
 O - 78 sling bullets
Armour
 a - a +1 robe
 f - a +1 cloak
 m - a scarf of resistance
 C - a +0 kite shield
 E - +4 steam dragon scales
 K - +1 swamp dragon scales
 Q - a +0 cloak of willpower (worn)
 T - the +3 robe "Sila" (worn) {+Blink rPois rC+}
   (You found it on level 6 of the Lair of Beasts)

   rC:        It protects you from cold.
   rPois:     It protects you from poison.
   +Blink:    It lets you blink.
 V - a +2 robe of fire resistance
 Y - a +2 robe of willpower
Jewellery
 c - a ring of ice
 e - a +6 ring of intelligence (left claw)
 h - a ring of protection from fire
 s - a ring of flight
 x - an amulet of guardian spirit
 L - a ring of ice
 S - a +4 ring of evasion (right claw)
 X - the amulet "Cunes" (around neck) {rElec Regen+}
   (You bought it in a shop on level 2 of the Orcish Mines)

   [amulet of regeneration]

   rElec:     It insulates you from electricity.
   Regen:     It increases your rate of health regeneration.
Wands
 d - a wand of polymorph (6)
 q - a wand of charming (11)
 F - a wand of digging (4)
 G - a wand of iceblast (10)
 J - a wand of paralysis (5)
 U - a wand of flame (12)
Scrolls
 k - 3 scrolls of identify
 o - a scroll of holy word
 p - 5 scrolls of vulnerability
 u - 3 scrolls of immolation
 v - 4 scrolls of enchant weapon
 y - 2 scrolls of summoning
 z - 4 scrolls of teleportation
 B - 2 scrolls of amnesia
 H - 4 scrolls of fear
 P - a scroll of magic mapping
Potions
 g - 2 potions of mutation
 i - a potion of brilliance
 j - 4 potions of curing
 n - 2 potions of berserk rage
 R - 2 potions of flight


   Skills:
 + Level 8.3 Fighting
 - Level 1.0(3.1) Slings
 + Level 6.3(6.4) Throwing
 + Level 8.1 Dodging
 - Level 1.5 Stealth
 + Level 4.5 Shields
 + Level 10.4 Unarmed Combat
 + Level 5.3 Spellcasting
 + Level 4.4 Conjurations
 + Level 4.1 Transmutations
 - Level 3.6 Ice Magic
 - Level 2.3 Air Magic
 + Level 6.4 Earth Magic
 - Level 3.9 Poison Magic
 + Level 6.8 Invocations
 + Level 5.4 Evocations


You had 8 spell levels left.
You knew the following spells:

 Your Spells              Type           Power      Damage    Failure   Level
a - Mephitic Cloud        Conj/Pois/Air  11%        N/A       14%         3
b - Magic Dart            Conj           52%        1d5       3%          1
c - Frozen Ramparts       Ice            24%        1d4       13%         3
d - Petrify               Tmut/Erth      16%        N/A       22%         4
e - Wereblood             Tmut           13%        N/A       5%          2
f - Poisonous Vapours     Pois/Air       20%        N/A       9%          2

Your spell library contained the following spells:

 Spells                   Type           Power      Damage    Failure   Level
 Beastly Appendage        Tmut           26%        N/A       3%          1
 Sting                    Tmut/Pois      48%        1d5       3%          1
 Freeze                   Ice            48%        1d7       4%          1
 Spider Form              Tmut/Pois      12%        N/A       11%         3
 Call Imp                 Summ           3%         N/A       28%         2
 Sublimation of Blood     Necr           3%         N/A       28%         2
 Ice Form                 Ice/Tmut       12%        N/A       36%         4
 Olgreb's Toxic Radiance  Pois           12%        N/A       36%         4
 Animate Armour           Summ/Erth      22%        N/A       45%         4
 Gell's Gravitas          Tloc           3%         N/A       50%         3
 Portal Projectile        Hex/Tloc       6%         N/A       50%         3
 Summon Guardian Golem    Hex/Summ       3%         N/A       50%         3
 Teleport Other           Tloc           3%         N/A       50%         3
 Tukima's Dance           Hex            3%         N/A       50%         3
 Sticky Flame             Conj/Fire      8%         2d3       61%         4
 Summon Ice Beast         Ice/Summ       7%         N/A       65%         4
 Iskenderun's Battlesphe  Conj           13%        2d7       65%         5
 Blade Hands              Tmut           6%         N/A       67%         5
 Irradiate                Conj/Tmut      6%         3d15      67%         5
 Lightning Bolt           Conj/Air       5%         1d17      80%         5
 Passage of Golubria      Tloc           3%         N/A       88%         4
 Fireball                 Conj/Fire      4%         3d4       91%         5
 Yara's Violent Unravell  Hex/Tmut       4%         3d4       92%         5
 Iron Shot                Conj/Erth      8%         9d3       97%         6
 Excruciating Wounds      Necr           1%         N/A       99%         5
 Conjure Ball Lightning   Conj/Air       5%         3x3d6     100%        6
 Dispersal                Tloc           1%         N/A       100%        6
 Orb of Destruction       Conj           6%         9d6       100%        7
 Spellforged Servitor     Conj/Summ      4%         N/A       100%        7


Dungeon Overview and Level Annotations

Branches:
Dungeon (10/15)            Temple (0/1) D:6            Lair (6/6) D:8
 Shoals (1/4) Lair:3       Spider (1/4) Lair:4        Slime (0/5) Lair:5
    Orc (2/2) D:9             Elf (1/3) Orc:2

Altars:
Cheibriados
Gozag
Hepliaklqana
Kikubaaqudgha
Ru
Trog
Vehumet
The Shining One
Beogh

Shops:
Orc:1 [   Orc:2 !:=(

Annotations:
Lair:4 2 transporters, enile's ghost, journeyman MiWn
Orc:1 3 runed translucent doors, Philosiphyzer's ghost, journeyman TrMo


Innate Abilities, Weirdness & Mutations

You are too large for most types of armour.
You have claws for hands.
Your natural rate of healing is unusually fast.
You are covered in fur. (AC +1)
You have tough skin. (AC +1)


Message History

The merfolk impaler is engulfed in noxious fumes.
The merfolk impaler hits you from afar with a +0 trident!!
* * * LOW HITPOINT WARNING * * *
You feel much better.
A harpy comes into view.
The merfolk impaler is engulfed in noxious fumes.
The merfolk impaler appears confused.
A harpy comes into view.
The harpy screeches!
You claw the merfolk impaler!
The merfolk impaler is severely wounded.
The merfolk impaler is engulfed in noxious fumes.
The merfolk impaler hits you with a +0 trident!
* * * LOW HITPOINT WARNING * * *
Casting: Mephitic Cloud (mildly dangerous; 14% risk of failure)
Confirm with . or Enter, or press ? or * to list all spells.
Aiming: Mephitic Cloud (mildly dangerous; 14% risk of failure)
Press: ? - help, Shift-Dir - straight line, f - harpy, p - merfolk impaler
Aim: a harpy (haloed, not susceptible)
The ball explodes into a vile cloud!
The stinking cloud engulfs the harpy but does no damage.
The stinking cloud engulfs you but does no damage.
The stinking cloud engulfs the harpy but does no damage.
The stinking cloud engulfs the merfolk impaler but does no damage.
The merfolk impaler is severely wounded.
The harpy completely misses you. The harpy claws you!
* * * LOW HITPOINT WARNING * * *
The harpy closely misses you. x2
The merfolk impaler is engulfed in noxious fumes.
The merfolk impaler appears confused.
You barely miss the merfolk impaler.
The merfolk impaler is severely wounded.
The harpy barely misses you. The harpy claws you!
* * * LOW HITPOINT WARNING * * *
The harpy claws you but does no damage. The harpy misses you.
You barely miss the harpy.
The harpy screeches! x2
The harpy claws you but does no damage. The harpy barely misses you.
The harpy claws you.
You die...

≈≈≈≈≈≈≈≈≈≈≈≈≈≈≈
≈≈≈≈≈≈≈≈≈≈≈≈≈≈≈
.≈≈≈≈≈≈≈≈≈≈≈≈≈≈
.≈≈≈≈≈≈≈≈≈≈≈≈≈≈
.≈≈≈≈≈≈≈≈≈≈≈≈≈≈
.≈≈≈≈≈m≈≈≈≈≈≈≈≈
≈≈≈≈≈≈≈)≈≈≈≈≈≈≈
≈≈≈≈≈≈≈H≈≈≈≈≈≈≈
≈≈≈≈≈HH@.≈≈≈≈≈≈
≈≈≈≈≈.H..≈≈≈≈≈≈
..≈≈≈.##.≈≈.≈≈≈
≈≈≈≈.. .≈≈≈≈≈≈
≈≈≈≈.. .≈≈≈≈≈≈
....≈ .≈≈≈≈≈≈
###.≈ ≈≈≈≈≈≈≈
#. ≈≈≈≈≈≈≈
≈≈≈≈≈≈≈


You could see a merfolk impaler (confused) and 4 harpies.

Vanquished Creatures
  An orc warlord (Orc:1)
  A fire dragon (Lair:5)
  Erolcha (Orc:2)
  Harold (D:9)
  8 hydras
  2 ogre magi (Orc:2)
  A catoblepas (Lair:6)
  2 two-headed ogres (D:9)
  A deep troll shaman (Lair:6)
  3 death yaks (Lair:6)
  An orc high priest (Orc:1)
  Sonja (Lair:5)
  A lindwurm (Lair:4)
  A deep elf pyromancer (Elf:1)
  A wolf spider (Spider:1)
  A deep elf zephyrmancer (Orc:2)
  8 orc sorcerers
  5 black mambas
  4 elephants
  Joseph (D:7)
  12 cane toads
  Maggie (D:9)
  4 komodo dragons
  4 trolls
  2 hornets (Lair:4)
  4 polar bears
  6 dream sheep (Lair:6)
  Prince Ribbit (D:8)
  3 tarantellas (Spider:1)
  15 blink frogs
  2 jumping spiders (Spider:1)
  64 yaks
  A culicivora (Lair:4)
  6 wyverns
  5 basilisks
  A fire elemental (Lair:5)
  2 steam dragons (D:8)
  4 redbacks
  Grum (D:8)
  7 wargs
  15 water moccasins
  2 ice beasts
  A sky beast (D:6)
  18 orc warriors
  4 black bears
  9 ogres
  20 wolves
  5 centaurs
  A phantom (D:6)
  A kobold brigand (D:8)
  A gnoll sergeant (D:8)
  Blork the orc (D:6)
  18 bullfrogs
  2 scorpions (D:4)
  A water moccasin skeleton (D:5)
  9 killer bees (D:9)
  A wight (D:7)
  5 electric eels
  A howler monkey (D:4)
  2 lava snakes (Lair:5)
  2 centaur zombies
  A hound (D:6)
  11 orc priests
  3 jellies
  A gnoll shaman (D:8)
  5 iguanas
  27 orc wizards
  2 killer bee zombies
  20 gnolls
  2 howler monkey skeletons (D:5)
  5 adders
  A shadow imp (D:7)
  2 white imps
  An adder skeleton (D:4)
  A worm (D:5)
  2 dart slugs (D:2)
  48 orcs
  3 ball pythons
  7 endoplasms
  5 giant cockroaches
  7 goblins
  2 hobgoblins
  3 jackals (D:4)
  8 kobolds
  4 quokkas
  4 bats
  A frilled lizard (D:2)
  6 rats
491 creatures vanquished.

Vanquished Creatures (others)
  An orc wizard (Orc:2)
  2 orcs (D:8)
  2 kobolds (D:8)
  17 fungi
  60 plants
82 creatures vanquished.

Grand Total: 573 creatures vanquished

Notes
Turn   | Place    | Note
-------+----------+-------------------------------------------
     0 | D:1      | thriggle the Troll Monk began the quest for the Orb.
     0 | D:1      | Reached XP level 1. HP: 22/22 MP: 0/0
   334 | D:1      | Reached XP level 2. HP: 29/29 MP: 1/1
  1039 | D:2      | Reached XP level 3. HP: 24/36 MP: 2/2
  1260 | D:2      | Reached XP level 4. HP: 43/44 MP: 3/3
  1725 | D:3      | Found a snail-covered altar of Cheibriados.
  1973 | D:3      | Found a faded altar of an unknown god.
  1977 | D:3      | Prayed at the altar of an unknown god.
  1977 | D:3      | Became a worshipper of the Shining One
  1977 | D:3      | Reached * piety under the Shining One
  1977 | D:3      | Reached ** piety under the Shining One
  1982 | D:3      | Learned a level 3 spell: Mephitic Cloud
  2399 | D:4      | Noticed a scorpion
  2402 | D:4      | Killed a scorpion
  2403 | D:4      | Reached XP level 5. HP: 43/52 MP: 5/5
  2438 | D:4      | Reached skill level 1 in Throwing
  2438 | D:4      | Reached skill level 1 in Spellcasting
  2468 | D:4      | Reached skill level 1 in Invocations
  2551 | D:4      | Reached skill level 1 in Earth Magic
  2582 | D:4      | Reached XP level 6. HP: 59/61 MP: 6/6
  2601 | D:4      | Learned a level 1 spell: Magic Dart
  2665 | D:4      | Reached skill level 1 in Conjurations
  2672 | D:4      | Reached *** piety under the Shining One
  2729 | D:4      | Reached skill level 4 in Unarmed Combat
  3267 | D:5      | Entered Level 5 of the Dungeon
  3355 | D:5      | Found a large runed translucent door.
  3356 | D:5      | Found a large runed translucent door.
  3402 | D:5      | Found a hazy altar of Hepliaklqana.
  3413 | D:5      | Found a sacrificial altar of Ru.
  3554 | D:5      | Noticed a water moccasin
  3561 | D:5      | Killed a water moccasin
  3562 | D:5      | Reached XP level 7. HP: 51/67 MP: 6/8
  4011 | D:6      | Identified a scroll of acquirement
  4012 | D:6      | Acquired 704 gold pieces
  4040 | D:6      | Reached skill level 1 in Evocations
  4122 | D:6      | Noticed Blork the orc
  4133 | D:6      | Killed Blork the orc
  4156 | D:6      | Reached XP level 8. HP: 28/76 MP: 9/9
  4364 | D:6      | Reached skill level 1 in Transmutations
  4364 | D:6      | Reached skill level 1 in Poison Magic
  4439 | D:6      | Found a staircase to the Ecumenical Temple.
  4655 | D:6      | Noticed a troll
  4675 | D:6      | Killed a troll
  4859 | D:6      | Reached skill level 5 in Unarmed Combat
  5252 | D:7      | Reached skill level 5 in Dodging
  5252 | D:7      | Reached skill level 7 in Unarmed Combat
  5252 | D:7      | Reached XP level 9. HP: 89/89 MP: 10/12
  5253 | D:7      | Reached skill level 8 in Unarmed Combat
  5253 | D:7      | Reached skill level 1 in Ice Magic
  5253 | D:7      | Reached XP level 10. HP: 100/100 MP: 10/14
  5260 | D:7      | Learned a level 3 spell: Frozen Ramparts
  5265 | D:7      | Learned a level 4 spell: Petrify
  5549 | D:7      | Noticed Joseph
  5558 | D:7      | Killed Joseph
  6321 | D:8      | Reached **** piety under the Shining One
  6360 | D:8      | Noticed Grum
  6374 | D:8      | Killed Grum
  6382 | D:8      | Reached XP level 11. HP: 84/107 MP: 8/15
  6753 | D:8      | Found a staircase to the Lair.
  6875 | D:8      | Reached skill level 1 in Shields
  7186 | D:9      | Noticed Harold
  7198 | D:9      | Killed Harold
  7303 | D:9      | Noticed a two-headed ogre
  7310 | D:9      | Killed a two-headed ogre
  7539 | D:9      | Found a staircase to the Orcish Mines.
  7829 | D:9      | Noticed Maggie
  7838 | D:9      | Killed Maggie
  7947 | D:9      | Noticed a two-headed ogre
  7953 | D:9      | Killed a two-headed ogre
  8062 | D:10     | Entered Level 10 of the Dungeon
  8126 | D:10     | Noticed a two-headed ogre
  8157 | Lair:1   | Entered Level 1 of the Lair of Beasts
  8157 | Lair:1   | Noticed Prince Ribbit
  8185 | D:8      | Reached skill level 9 in Unarmed Combat
  8224 | D:8      | Killed Prince Ribbit
  8353 | D:8      | Reached XP level 12. HP: 92/118 MP: 8/17
  8533 | Lair:1   | Reached skill level 5 in Throwing
  8533 | Lair:1   | Reached skill level 5 in Invocations
  9130 | Lair:1   | Identified the +7 hunting sling of Tension {freeze, rN+}
  9874 | Lair:2   | Found the +7 Kryia's mail coat {PotionHeal*2 rC+}
  9914 | Lair:2   | Noticed a six-headed hydra
  9927 | Lair:2   | Killed a six-headed hydra
 10024 | Lair:2   | Noticed a five-headed hydra
 10036 | Lair:2   | Killed a five-headed hydra
 10217 | Lair:2   | Reached ***** piety under the Shining One
 10314 | Lair:2   | Noticed a four-headed hydra
 10429 | Lair:2   | Reached skill level 5 in Earth Magic
 10443 | Lair:2   | Killed a four-headed hydra
 10444 | Lair:2   | Reached skill level 1 in Slings
 11122 | Lair:3   | Reached XP level 13. HP: 28/126 MP: 2/18
 11215 | Lair:3   | Learned a level 2 spell: Wereblood
 11910 | Lair:3   | Identified the +10 war axe of Qurhom {vorpal, rElec}
 11999 | Lair:3   | Found a staircase to the Shoals.
 12272 | Lair:4   | Found a transporter.
 12278 | Lair:4   | Noticed enile's ghost (journeyman MiWn)
 12281 | Lair:4   | Found a bloodstained altar of Trog.
 12290 | Lair:4   | Found a transporter.
 12383 | Lair:4   | Paralysed by a hornet for 1 turns
 12912 | Lair:4   | Found a hole to the Spider Nest.
 14024 | Lair:5   | Noticed Sonja
 14056 | Lair:5   | Killed Sonja
 14057 | Lair:5   | Reached skill level 5 in Spellcasting
 14359 | Lair:5   | Found a staircase to the Slime Pits.
 14615 | Lair:5   | Noticed a fire dragon
 14634 | Lair:5   | Killed a fire dragon
 14635 | Lair:5   | Reached skill level 10 in Unarmed Combat
 14934 | Lair:6   | Entered Level 6 of the Lair of Beasts
 15073 | Lair:5   | Identified the +8 war axe "Wintok" {pain, *Rage MP+9 Str+8
                  | Int+8}
 15496 | Lair:6   | Reached skill level 5 in Evocations
 15642 | Lair:6   | Reached XP level 14. HP: 33/136 MP: 1/20
 15823 | Lair:6   | Identified the +3 robe "Sila" {+Blink rPois rC+}
 15826 | Lair:6   | Identified the -3 cloak of Pimmif {Str+6}
 16511 | Orc:1    | Entered Level 1 of the Orcish Mines
 16927 | Orc:1    | Found Walekhliat's Antique Armour Shop.
 16971 | Orc:1    | Found a runed translucent gate.
 16971 | Orc:1    | Found a runed translucent gate.
 16972 | Orc:1    | Found a runed translucent gate.
 16972 | Orc:1    | Found an opulent altar of Gozag.
 16974 | Orc:1    | Noticed an orc warlord
 16975 | Orc:1    | Noticed Philosiphyzer's ghost (journeyman TrMo)
 17043 | Orc:1    | Noticed an orc warlord
 17063 | Orc:1    | Killed an orc warlord
 17282 | Orc:2    | Entered Level 2 of the Orcish Mines
 17473 | Orc:2    | Reached ****** piety under the Shining One
 17600 | Orc:2    | Found a staircase to the Elven Halls.
 17775 | Orc:2    | Found Wiopid's Antique Weapon Shop.
 17817 | Orc:2    | Found an ancient bone altar of Kikubaaqudgha.
 17835 | Orc:2    | Found Xietoquq's Jewellery Shop.
 17853 | Orc:2    | Noticed Erolcha
 18160 | Orc:2    | Found Wagicir's Distillery.
 18180 | Orc:2    | Bought a potion of heal wounds for 65 gold pieces
 18193 | Orc:2    | Found a radiant altar of Vehumet.
 18204 | Orc:2    | Killed Erolcha
 18235 | Orc:2    | Found Jenoymmo's Book Shop.
 18339 | Orc:2    | Bought the Compendium of Battle Magic and the Frostbite for
                  | 850 gold pieces
 18397 | Orc:2    | Bought the amulet "Cunes" {rElec Regen+} for 616 gold
                  | pieces
 18664 | Elf:1    | Entered Level 1 of the Elven Halls
 18987 | Spider:1 | Entered Level 1 of the Spider Nest
 19053 | Spider:1 | Learned a level 2 spell: Poisonous Vapours
 19120 | Spider:1 | Noticed an emperor scorpion
 19253 | Shoals:1 | Entered Level 1 of the Shoals
 19271 | Shoals:1 | HP: 1/137 [merfolk impaler/+0 trident (19)]
 19276 | Shoals:1 | Slain by a harpy

Illustrated notes

Levels and vault maps discovered:
D:1:      dpeg_arrival_tiny_a, layout_basic, minmay_small_reverse_x
D:2:      layout_basic, uniq_sigmund
D:3:      layout_basic, cheibriados_altar_1,
          shapermc_ecumenical_altar_mp_ritualfount
D:4:      layout_loops_ring, chequers_big_river
D:5:      layout_loops_ring, jmf_multi_god_temple2
D:6:      layout_basic, minmay_temple_entry_slanted, kennysheep_generic_room_4,
          uniq_blork_the_orc
D:7:      layout_basic, st_stairs_10, uniq_joseph
D:8:      layout_basic, david_lair_generic, uniq_grum
D:9:      layout_basic, david_orc_1_choice, uniq_harold, uniq_maggie
D:10:     layout_cross, mainiacjoe_overflow_tiny_flanked, serial_park,
          serial_park_tiny_1, serial_park_square2, serial_park_square1
          [serial_park_minivault_5x5_2], serial_park_tiny_2
Lair:1:   layout_chaotic_city, serial_bayou_shore_b, uniq_prince_ribbit2
Lair:2:   layout_loops_ring, disabler_island, grunt_megastairs_1,
          lemuel_fruit_tree
Lair:3:   layout_small_grid, elwin_shoals_entry_rocks, serial_bayou_shore_a
Lair:4:   cheibrodos_lair_overgrown_chateau, layout_cellular_growth,
          spider_nest_entry_rubble, gammafunk_ghost_wrathful_warriors,
          beast_lair_carwin_8, lemuel_fruit_fields, serial_bayou_shore_b
Lair:5:   dragon1_lemuel, layout_cave_pods, nicolae_slime_entry_slimehenge,
          grunt_megastairs_4, uniq_sonja
Lair:6:   grunt_lair_end_beastmaster, layout_gridlike, serial_bayou_shore_b
Shoals:1: layout_shoals, serial_shops, shop
Spider:1: layout_spider_delve, nicolae_spider_paper_wasps
Orc:1:    layout_diamond_mine, ebering_ghost_gozag, serial_shops,
          nicolae_shop_waterfront
Orc:2:    kennysheep_orc_mage_school, layout_caves
Elf:1:    minmay_elf_arrival_plus, layout_loops_corners, serial_shops,
          shop_fountains, hangedman_corner_corridor, uniq_donald

Skill      XL: |  1  2  3  4  5  6  7  8  9 10 11 12 13 14 |
---------------+-------------------------------------------+-----
Fighting       | 3 6 7 8 |  8.3
Throwing       | 1 2 3 4 5 6 |  6.3
Dodging        | 3 5 6 7 8 |  8.1
Spellcasting   | 1 3 4 5 |  5.3
Invocations    | 1 2 3 4 5 6 |  6.8
Earth Magic    | 1 3 4 5 6 |  6.4
Conjurations   | 1 3 4 |  4.4
Unarmed Combat | 4 7 8 9 10 | 10.4
Evocations     | 1 2 3 4 5 |  5.4
Transmutations | 1 2 3 4 |  4.1
Poison Magic   | 1 2 3 |  3.9
Air Magic      | 2 |  2.3
Ice Magic      | 1 2 3 |  3.6
Shields        | 2 3 4 |  4.5
Slings         | 1 |  1.0
Stealth        | |  1.5

Action                   |  1- 3 |  4- 6 |  7- 9 | 10-12 | 13-15 || total
-------------------------+-------+-------+-------+-------+-------++-------
Melee: Unarmed           |    72 |   113 |    83 |   564 |   652 ||  1484
       Punch             |     3 |     3 |     3 |    39 |    58 ||   106
 Fire: Hunting sling     |       |       |       |    41 |    58 ||    99
Throw: Stone             |     3 |     8 |     1 |       |       ||    12
       Throwing net      |       |       |     1 |       |       ||     1
       Dart              |       |       |       |    25 |     2 ||    27
 Cast: Magic Dart        |       |     2 |       |     1 |     2 ||     5
       Mephitic Cloud    |       |       |       |    10 |    33 ||    43
       Frozen Ramparts   |       |       |       |    24 |    19 ||    43
       Petrify           |       |       |       |     3 |     3 ||     6
       Wereblood         |       |       |       |       |    22 ||    22
       Poisonous Vapours |       |       |       |       |     5 ||     5
 Abil: Evoke Blink       |       |       |       |       |     1 ||     1
Evoke: Wand              |       |       |       |       |     2 ||     2
  Use: Scroll            |     3 |     1 |     5 |    11 |     8 ||    28
       Potion            |       |       |     2 |     6 |     8 ||    16
 Stab: Sleeping          |     6 |     3 |       |       |       ||     9
Armor: Robe              |    21 |    24 |    20 |    22 |    77 ||   164
       Steam dragon scal |       |       |       |   186 |   100 ||   286
       Swamp dragon scal |       |       |       |       |    31 ||    31
Dodge: Dodged            |    31 |    56 |    36 |   335 |   496 ||   954
